 Dungeon Crawl Stone Soup version 0.25.0-9-g26727b6 (webtiles) character file.

Game seed: 8011168676679038835

273 Cheivey the Skirmisher (level 6, 0/48 HPs)
             Began as a Demonspawn Abyssal Knight on June 17, 2020.
             Was a Follower of Lugonu.
             Slain by a sky beast (6 damage)
             ... on level 3 of the Dungeon.
             The game lasted 00:07:38 (3089 turns).

Cheivey the Skirmisher (Demonspawn Abyssal Knight)  Turns: 3089, Time: 00:07:38

Health: 0/48       AC: 12    Str: 13    XL:     6   Next: 3%
Magic:  2/2        EV: 11    Int: 16    God:    Lugonu [*.....]
Gold:   160        SH:  0    Dex: 13    Spells: 5/5 levels left

rFire    . . .     SeeInvis .   h - +2 scythe (antimagic)
rCold    . . .     Gourm    .   (shield currently unavailable)
rNeg     . . .     Faith    .   b - +0 leather armour
rPois    +         Spirit   .   (no helmet)
rElec    .         Reflect  .   (no cloak)
rCorr    .         Harm     .   (no gloves)
MR       .....                  (no boots)
Stlth    +.........             (no amulet)
HPRegen  0.16/turn              (no ring)
MPRegen  0.08/turn              (no ring)

@: sanguine armour
A: clever 1, poison resistance, powered by pain 1, no potion heal 1, sanguine
armour 2
a: Depart the Abyss, Renounce Religion


You were on level 3 of the Dungeon.
You worshipped Lugonu.
Lugonu was aware of your devotion.
You were not hungry.

You visited 1 branch of the dungeon, and saw 5 of its levels.
You visited the Abyss 1 time.

You collected 160 gold pieces.

Inventory:

Hand Weapons
 h - a +2 antimagic scythe (weapon)
Armour
 b - a +0 leather armour (worn)
Scrolls
 d - 3 scrolls of remove curse
 f - 2 scrolls of identify
 k - a scroll of blinking
Potions
 g - 2 potions of flight
 j - a potion of curing
Comestibles
 c - 7 rations
 i - 2 chunks of flesh


   Skills:
 + Level 4.1 Fighting
   Level 1.3(2.1) Axes
 + Level 2.5(2.7) Polearms
 + Level 3.1 Armour
 - Level 1.2 Dodging
 + Level 0.5 Stealth
   Level 1.5 Shields
 * Level 3.9 Invocations


You had 5 spell levels left.
You didn't know any spells.
Your spell library was empty.

Dungeon Overview and Level Annotations

Branches:
Dungeon (5/15)
 Temple: D:4-7

Altars:
Dithmenos
Trog
The Shining One


Innate Abilities, Weirdness & Mutations

You sometimes gain a little power by taking damage.
When seriously injured, your bleeding wounds create thick armour. (AC +9)
Your mind is acute. (Int +2)
Your system is resistant to poisons. (rPois)
Potions are less effective at restoring your health.


Message History

The sky beast closely misses you.
A leopard gecko comes into view.
The sky beast flickers out of sight!
Deactivating autopickup; reactivate with Ctrl-A.
The leopard gecko hisses angrily.
There is a stone staircase leading up here.
Something hits you but does no damage.
You climb upwards.
Reactivating autopickup.
There is a stone staircase leading down here.
You start resting.
Something hits you.
* * * LOW HITPOINT WARNING * * *
Something shocks you.
* * * LOW HITPOINT WARNING * * *
Deactivating autopickup; reactivate with Ctrl-A.
You start resting.
Something hits you but does no damage.
You hit something. Something hits you but does no damage. Something hits you.
* * * LOW HITPOINT WARNING * * *
Something shocks you.
You die...

##############
#............#
#............#
#............####
#............'...
######............####
#....@>......#'####
#.......######.#
##..............#
#................#
#...........#....#
#...#.......#....# ###
#...#...(#.##....#####..
#...#...#...#....#......
#
#...#.......#..#######..


There were no monsters in sight!

Vanquished Creatures
  Sigmund (D:3)
  A hound (D:2)
  2 adders
  An ooze (D:2)
  A worm (D:2)
  2 dart slugs (D:1)
  3 leopard geckos
  5 orcs
  7 giant cockroaches
  A goblin (D:2)
  8 hobgoblins
  8 kobolds
  5 bats
  2 frilled lizards (D:1)
  A leopard gecko skeleton (D:5)
  2 rats
50 creatures vanquished.

Notes
Turn   | Place    | Note
-------+----------+-------------------------------------------
     0 | Abyss:1  | Cheivey the Demonspawn Abyssal Knight began the quest for
                  | the Orb.
     0 | Abyss:1  | Reached XP level 1. HP: 18/18 MP: 2/2
    41 | Abyss:1  | Noticed a large abomination
    43 | D:1      | Escaped the Abyss
   215 | D:1      | Gained mutation: When seriously injured, your bleeding
                  | wounds create armour. (AC +9) [demonic ancestry]
   215 | D:1      | Reached XP level 2. HP: 18/24 MP: 4/4
   735 | D:1      | Reached * piety under Lugonu
  1164 | D:2      | Reached skill level 1 in Dodging
  1288 | D:2      | Gained mutation: You sometimes gain a little power by
                  | taking damage. [demonic ancestry]
  1288 | D:2      | Reached XP level 3. HP: 27/30 MP: 5/5
  1297 | D:2      | Reached XP level 4. HP: 26/37 MP: 6/6
  1454 | D:2      | Found a shadowy altar of Dithmenos.
  1455 | D:2      | Found a bloodstained altar of Trog.
  2089 | D:2      | Gained mutation: Your system is resistant to poisons.
                  | (rPois) [potion of mutation]
  2089 | D:2      | Gained mutation: Potions are less effective at restoring
                  | your health. [potion of mutation]
  2089 | D:2      | Gained mutation: Your mind is acute. (Int +2) [potion of
                  | mutation]
  2321 | D:3      | Found a glowing golden altar of the Shining One.
  2625 | D:3      | Noticed Sigmund
  2642 | D:3      | Killed Sigmund
  2642 | D:3      | Reached skill level 4 in Fighting
  2642 | D:3      | Reached skill level 1 in Axes
  2642 | D:3      | Reached skill level 1 in Shields
  2642 | D:3      | Reached XP level 5. HP: 31/42 MP: 4/7
  2642 | D:3      | Gained mutation: When seriously injured, your bleeding
                  | wounds create thick armour. (AC +9) [demonic ancestry]
  2642 | D:3      | Reached XP level 6. HP: 36/48 MP: 4/8
  2859 | D:3      | You fall into a shaft and drop 2 floors!
  2859 | D:5      | Entered Level 5 of the Dungeon
  2973 | D:5      | Noticed a sky beast
  2973 | D:5      | Noticed a sky beast
  3027 | D:5      | Noticed an ice beast
  3089 | D:3      | Slain by a sky beast

Illustrated notes

Levels and vault maps discovered:
D:1:      dpeg_arrival_ternary, layout_basic, minmay_indecisive_spiral
D:2:      layout_basic, gammafunk_temple_overflow_pools, first_ration
D:3:      layout_basic, hangedman_decor_lopped, lemuel_statue_altar,
          uniq_sigmund
D:4:      layout_rooms, lemuel_doored_altar, temple_doors_e, serial_shops, shop,
          shop
D:5:      corexii_shantytown, layout_rooms, lemuel_coloured_pillars_altar

Skill      XL: |  1  2  3  4 |
---------------+-------------+-----
Dodging        | 1 |  1.2
Polearms       | 2 |  2.5
Armour         | 2 3 |  3.1
Invocations    | 3 |  3.9
Fighting       | 4 |  4.1
Axes           | 1 |  1.3
Shields        | 1 |  1.5
Stealth        | |  0.5

Action                   |  1- 3 |  4- 6 || total
-------------------------+-------+-------++-------
Melee: Spear             |    98 |    79 ||   177
       Hand axe          |       |    24 ||    24
       Scythe            |       |    18 ||    18
Invok: Depart the Abyss  |     1 |       ||     1
  Use: Potion            |     4 |     3 ||     7
       Scroll            |       |    10 ||    10
 Stab: Sleeping          |     1 |       ||     1
       Invisible         |     1 |       ||     1
  Eat: Chunk             |     1 |     6 ||     7
Armor: Leather armour    |    26 |    39 ||    65
Dodge: Dodged            |    46 |    74 ||   120
Block: Buckler           |       |     4 ||     4
